 Dungeon Crawl Stone Soup version 0.26-a0-652-gafc20e3620 (webtiles) character file.

Game seed: 4130995573338213816

730 jasper the Insei (level 7, -4/32 HPs)
             Began as a Vine Stalker Transmuter on Oct 4, 2020.
             Was a Follower of Ashenzari.
             Slain by a scorpion (6 damage)
             ... on level 6 of the Dungeon.
             The game lasted 00:09:03 (4667 turns).

jasper the Insei (Vine Stalker Transmuter)          Turns: 4667, Time: 00:09:04

Health: -4/32      AC:  4    Str: 13    XL:     7   Next: 73%
Magic:  0/11       EV: 12    Int: 15    God:    Ashenzari [*.....]
Gold:   208        SH:  0    Dex: 14    Spells: 4/10 levels left

rFire    . . .     SeeInvis .     - Unarmed
rCold    . . .     Faith    .   (no shield)
rNeg     . . .     Spirit   +   f - +0 leather armour
rPois    +         Reflect  .   (no helmet)
rElec    .         Harm     .   (no cloak)
rCorr    .         Rampage  .   n - +0 pair of gloves
MR       .....                  (no boots)
Stlth    +.........             (no amulet)
HPRegen  0.50/turn              j - ring of poison resistance
MPRegen  0.12/turn              (no ring)

@: lethally poisoned (-4 -> -7)
A: fangs 2, regeneration 1, magic shield, antimagic bite, no potion heal 3, rot
immunity
a: Curse Item, Scrying, Renounce Religion


You were on level 6 of the Dungeon.
You worshipped Ashenzari.
Ashenzari was aware of your devotion.
You visited 1 branch of the dungeon, and saw 6 of its levels.

You collected 208 gold pieces.

Inventory:

Missiles
 b - 10 poisoned darts (quivered)
Armour
 a - a +0 robe
 f - a +0 leather armour (worn)
 n - a +0 pair of gloves (worn)
Jewellery
 j - a ring of poison resistance (left hand)
 l - an uncursed ring of positive energy
 o - an uncursed ring of positive energy
Scrolls
 c - 2 scrolls of magic mapping
 d - 3 scrolls of teleportation
 e - 3 scrolls of identify {unknown}
 g - 3 scrolls of enchant armour {unknown}
 h - a scroll of blinking {unknown}
 k - 3 scrolls of enchant weapon {unknown}
 m - 2 scrolls of random uselessness {unknown}
 q - a scroll of remove curse


   Skills:
 - Level 0.8 Fighting
 - Level 1.5 Dodging
 * Level 7.4 Unarmed Combat
 - Level 2.1 Spellcasting
 + Level 3.9 Transmutations
 - Level 3.0 Poison Magic


You had 4 spell levels left.
You knew the following spells:

 Your Spells              Type           Power        Failure   Level
a - Beastly Appendage     Tmut           ##....       5%          1
b - Wereblood             Tmut           ##......     9%          2
c - Spider Form           Tmut/Pois      ##........   21%         3

Your spell library contained the following spells:

 Spells                   Type           Power        Failure   Level
 Animate Skeleton         Necr           #.....       28%         1
 Apportation              Tloc           #.....       28%         1
 Corona                   Hex            #......      28%         1
 Summon Small Mammal      Summ           #...         28%         1
 Ice Form                 Ice/Tmut       #.......     77%         4
 Blade Hands              Tmut           ##........   83%         5


Dungeon Overview and Level Annotations

Branches:
Dungeon (6/15)
 Temple: D:4-7

Altars:
Ashenzari
Trog
Vehumet
Xom

Shops:
D:4 [   D:5 [

Annotations:
D:3 Sigmund


Innate Abilities, Weirdness & Mutations

You have extremely sharp teeth.
Your natural rate of healing is unusually fast.
When hurt, damage is shared between your health and your magic reserves.
Your bite disrupts and absorbs the magic of your enemies.
Potions cannot restore your health.
You are immune to rotting.


Message History

You are more poisoned.
The scorpion poisons you! The orc hits you.
* * * LOW HITPOINT WARNING * * *
The adder zombie bites you.
* * * LOW HITPOINT WARNING * * *
It was a potion of stabbing.
You feel ready to backstab.
You feel sick.
A big kobold comes into view.
The orc barely misses you. The scorpion stings you.
* * * LOW HITPOINT WARNING * * *
The orc hits you but does no damage. The adder zombie closely misses you.
It was a potion of cancellation.
Your magical effects are unravelling.
You feel magically purged.
Your horns disappear.
Your talons disappear.
Your primal bloodlust has ended.
You feel less ready to backstab.
* * * LOW HITPOINT WARNING * * *
You feel sick. The adder zombie closely misses you. The scorpion stings you!
You die...

........ ..
#......#..
#......#.
##.......
#......K#
..#.>.....# .
.......).##...#
.......@).....#
.#....sZo..##..
####..o.......
........##..
........... .
..............
...............
.......#.......


You could see a big kobold, a scorpion, 2 orcs and an adder zombie.

Vanquished Creatures
  2 phantoms
  2 ogres
  2 hounds (D:5)
  2 orc priests (D:4)
  A centaur zombie (D:5)
  Jessica (D:2)
  2 worker ants
  A hound skeleton (D:4)
  A gnoll (D:1)
  3 adders
  4 oozes
  An adder zombie (D:5)
  An adder skeleton (D:4)
  6 worms
  3 dart slugs (D:2)
  3 leopard geckos
  7 orcs
  3 giant cockroaches
  4 goblins (D:1)
  2 hobgoblins (D:1)
  5 jackals
  2 quokkas (D:5)
  2 ball pythons
  11 bats
  6 frilled lizards
  A jackal skeleton (D:3)
  A jackal zombie (D:5)
  6 kobolds
  4 rats
89 creatures vanquished.

Notes
Turn   | Place    | Note
-------+----------+-------------------------------------------
     0 | D:1      | jasper the Vine Stalker Transmuter began the quest for the
                  | Orb.
     0 | D:1      | Reached XP level 1. HP: 9/9 MP: 4/4
   351 | D:1      | Found a broken altar of Ashenzari.
   368 | D:1      | Reached XP level 2. HP: 14/14 MP: 6/6
   542 | D:1      | Became a worshipper of Ashenzari the Shackled
   588 | D:1      | Reached XP level 3. HP: 17/17 MP: 7/7
   867 | D:1      | Learned a level 2 spell: Wereblood
   871 | D:1      | Learned a level 3 spell: Spider Form
   917 | D:1      | Reached skill level 4 in Unarmed Combat
  1383 | D:1      | Found a shimmering altar of Xom.
  1447 | D:2      | Noticed Jessica
  1453 | D:2      | Killed Jessica
  1453 | D:2      | Gained mutation: Your natural rate of healing is unusually
                  | fast. [Vine Stalker growth]
  1453 | D:2      | Reached XP level 4. HP: 21/21 MP: 8/8
  1701 | D:2      | Found a radiant altar of Vehumet.
  1864 | D:2      | Reached XP level 5. HP: 25/25 MP: 9/9
  2441 | D:3      | Found a bloodstained altar of Trog.
  2517 | D:3      | Reached skill level 5 in Unarmed Combat
  2555 | D:3      | Noticed Sigmund
  2800 | D:4      | Noticed a phantom
  2867 | D:4      | Killed a phantom
  2867 | D:4      | Reached XP level 6. HP: 20/29 MP: 5/10
  3118 | D:4      | Found Zufoafas's Antique Armour Shop.
  3271 | D:4      | Reached * piety under Ashenzari
  3445 | D:4      | Reached skill level 6 in Unarmed Combat
  3445 | D:4      | Reached skill level 1 in Poison Magic
  3755 | D:4      | Reached XP level 7. HP: 3/32 MP: 1/11
  4087 | D:5      | Entered Level 5 of the Dungeon
  4196 | D:5      | Found Yvutelot's Antique Armour Shoppe.
  4321 | D:5      | Reached skill level 7 in Unarmed Combat
  4667 | D:6      | Slain by a scorpion

Illustrated notes

Levels and vault maps discovered:
D:1:      dpeg_arrival_water_altar, layout_basic, hangedman_feature_mirror,
          ashenzari_altar_1
D:2:      wad_lake_hut, layout_loops_cross, vehumet_crystals, st_stairs_12,
          dk_noncrumbling_3, minmay_quadrilaterals, uniq_jessica
D:3:      layout_loops_ring, nicolae_overflow_hidden_temple, uniq_sigmund
D:4:      minmay_skewed_foursquare, layout_layer_cave, serial_shops, shop
D:5:      layout_rooms, lemuel_blue_sif_altar, lemuel_coloured_pillars_altar,
          serial_shops, nicolae_shop_stone, uniq_menkaure
D:6:      layout_cave_pools, temple_fountains, gup_sewer_entry_spiral,
          kennysheep_boxes

Skill      XL: |  1  2  3  4  5  6  7 |
---------------+----------------------+-----
Unarmed Combat | 4 5 6 7 |  7.4
Transmutations | 3 |  3.9
Poison Magic   | 1 3 |  3.0
Fighting       | |  0.8
Dodging        | |  1.5
Spellcasting   | |  2.1

Action                   |  1- 3 |  4- 6 |  7- 9 || total
-------------------------+-------+-------+-------++-------
Melee: Unarmed           |    76 |   160 |    80 ||   316
       Bite              |    12 |    40 |    24 ||    76
       Punch             |       |     4 |     2 ||     6
       Kick              |       |     8 |     7 ||    15
       Headbutt          |       |     3 |     4 ||     7
Throw: Dart              |    67 |    64 |    10 ||   141
 Cast: Beastly Appendage |       |     3 |     3 ||     6
       Wereblood         |       |       |     1 ||     1
  Use: Scroll            |       |     2 |       ||     2
       Potion            |       |     1 |     2 ||     3
Armor: Robe              |     9 |       |       ||     9
       Leather armour    |    14 |    31 |    19 ||    64
Dodge: Dodged            |    74 |    94 |    58 ||   226

Table legend: (Time is in decaauts)
 A = Elapsed time spent in this place.
 B = Non-inter-level travel time spent in this place.
 C = Inter-level travel time spent in this place.
 D = Time resting spent in this place.
 E = Time spent auto-exploring this place.
 F = Levels seen in this place.
 G = Mean time per level.
                   A        B        C        D        E       F      G
               +--------+--------+--------+--------+--------+-----+--------+
         Total |   4691 |   4590 |    101 |    544 |   3105 |   6 |  781.8 |
       Dungeon |   4691 |   4590 |    101 |    544 |   3105 |   6 |  781.8 |
               +--------+--------+--------+--------+--------+-----+--------+

Top non-repeatable levels by time:
     D:1: 1410 daAuts
     D:4: 1325 daAuts
     D:2: 1064 daAuts
     D:5: 555 daAuts
     D:3: 320 daAuts
     D:6: 14 daAuts
